 Dungeon Crawl Stone Soup version 0.26-a0-1060-g086102a3f0 (webtiles) character file.

Game seed: 16333832121056644353

11900 HoaS the Basher (level 11, 0/60 HPs)
             Began as a Gargoyle Fighter on Dec 13, 2020.
             Was an Elder of Makhleb.
             Splashed by Erica's acid (15 damage)
             ... on level 1 of the Lair of Beasts.
             The game lasted 00:30:09 (8457 turns).

HoaS the Basher (Gargoyle Fighter)                  Turns: 8457, Time: 00:30:10

Health: 0/60       AC: 20    Str: 23    XL:     11   Next: 84%
Magic:  11/11      EV:  5    Int:  9    God:    Makhleb [****..]
Gold:   821        SH: 17    Dex:  9    Spells: 10/10 levels left

rFire    . . .     SeeInvis .   i - +2 morningstar (protect)
rCold    . . .     Faith    .   c - +0 kite shield
rNeg     + . .     Spirit   .   u - +0 plate armour
rPois    ∞         Reflect  +   G - +2 helmet
rElec    +         Harm     .   (no cloak)
rCorr    .         Rampage  .   q - +2 pair of gloves
Will     ++...                  l - +2 pair of boots
Stlth    ..........             C - amulet of reflection
HPRegen  0.20/turn              s - ring of willpower
MPRegen  0.12/turn              n - ring of willpower

@: corroded
A: negative energy resistance 1, electricity resistance, unbreathing,
petrification resistance, rot immunity, AC +8
a: Minor Destruction, Lesser Servant of Makhleb, Major Destruction, Renounce
Religion


You were on level 1 of the Lair of Beasts.
You worshipped Makhleb.
Makhleb was greatly pleased with you.
You visited 3 branches of the dungeon, and saw 12 of its levels.

You collected 821 gold pieces.

Inventory:

Hand Weapons
 i - a +2 morningstar of protection (weapon)
Armour
 c - a +0 kite shield (worn)
 l - a +2 pair of boots (worn)
 q - a +2 pair of gloves (worn)
 u - a +0 plate armour (worn)
 G - a +2 helmet (worn)
Jewellery
 m - an uncursed ring of stealth
 n - a ring of willpower (right hand)
 s - a ring of willpower (left hand)
 C - an amulet of reflection (around neck)
Wands
 b - a wand of enslavement (4)
 o - a wand of random effects (22)
 r - a wand of polymorph (21) (quivered)
 t - a wand of digging (4)
 x - a wand of acid (21)
Scrolls
 e - a scroll of identify
 f - 2 scrolls of magic mapping
 k - 3 scrolls of remove curse
 w - 2 scrolls of fog
 y - a scroll of teleportation
 B - a scroll of blinking
Potions
 a - 3 potions of flight
 d - a potion of might
 g - a potion of ambrosia
 h - 2 potions of mutation
 j - 2 potions of cancellation
 p - a potion of haste
 v - 2 potions of curing
 z - a potion of attraction
 D - a potion of degeneration {unknown}
 E - a potion of heal wounds {unknown}


   Skills:
 - Level 3.2 Fighting
 * Level 14.6 Maces & Flails
 - Level 3.2 Armour
 + Level 11.9 Shields


You had 10 spell levels left.
You didn't know any spells.
Your spell library contained the following spells:

 Spells                   Type           Power        Failure   Level
 Beastly Appendage        Tmut           #.....       100%        1
 Foxfire                  Conj/Fire      #...         100%        1
 Wereblood                Tmut           #.......     100%        2
 Conjure Flame            Conj/Fire      #.......     100%        3
 Inner Flame              Hex/Fire       #.......     100%        3
 Spider Form              Tmut/Pois      #.........   100%        3
 Ice Form                 Ice/Tmut       #.......     100%        4
 Sticky Flame             Conj/Fire      #.......     100%        4
 Blade Hands              Tmut           #.........   100%        5
 Fireball                 Conj/Fire      #.........   100%        5


Dungeon Overview and Level Annotations

Branches:
Dungeon (10/15)            Temple (1/1) D:4            Lair (1/6) D:9
    Orc (0/2) D:10

Altars:
Ashenzari
Cheibriados
Dithmenos
Elyvilon
Fedhas
Gozag
Hepliaklqana
Makhleb
Nemelex Xobeh
Okawaru
Qazlal
Ru
Sif Muna
Trog
Uskayaw
Vehumet
Wu Jian
Xom
Yredelemnul
Zin
The Shining One

Shops:
D:5 :   D:6 [

Portals:
Abyss: D:5

Annotations:
D:7 1 runed translucent door, Megustar's ghost, novice VSBe
D:9 2 runed translucent doors, exclusion: 4 orange crystal statues, WasteTime5's ghost, novice OpTm
D:10 1 transporter, Killmatronix's ghost, novice OpHu
Lair:1 Erica


Innate Abilities, Weirdness & Mutations

You are resistant to torment.
Your stone body is resilient. (AC +8)
You are immune to poison.
You resist negative energy. (rN+)
You are resistant to electric shocks. (rElec)
You can survive without breathing.
You are immune to petrification.
You are immune to rotting.


Message History

The bolt of poison hits you but does no damage.
You resist.
You barely miss something. Something hits you. Something burns you.
You closely miss something. Something hits you but does no damage.
You thump something!
Your weapon exudes an aura of protection.
You miss something. Something hits you but does no damage.
You completely miss something.
You hear some strange, mumbled words.
A lance of force appears from out of thin air!
The lance of force hits you but does no damage.
You miss something. You barely miss something. You block something's attack.
You miss something.
You hear a zap.
A bolt of acid appears from out of thin air!
The bolt of acid hits you!!
* * * LOW HITPOINT WARNING * * *
The acid corrodes you!
You are splashed with acid!
You die...

#......... #..
####......... #..
........D.... #..
.........FS... ##
#.##.##.#.#..###.. (.
..#............#.. #.
#.#..........SD#..
.#.#.##{#.....P#####.#..
#......@#.....# #....
...####.#.....# #.#..
#........## ###.#..
.(.....#......###.#.#..
##+###.#............#..
#.#............#..
#.#.#.#+#.P##.+#..
#.................
#.................


There were no monsters in sight!

Vanquished Creatures
  4 two-headed ogres
  An unseen horror (D:7)
  Joseph (D:8)
  A gargoyle (D:10)
  The ghost of nuthulu the Skirmisher, a novice GrFi (D:5)
  A kobold demonologist (D:7)
  An ancient zyme (D:5)
  2 trolls
  A hornet (D:10)
  A slime creature (D:7)
  A wyvern (D:7)
  3 yaks (D:10)
  A steam dragon (D:7)
  2 water moccasins
  3 orc warriors
  Duvessa (D:4)
  3 sky beasts
  A necrophage (D:9)
  An ice beast (D:8)
  8 ogres
  2 centaurs
  3 big kobolds
  4 bullfrogs
  2 small abominations (D:5)
  2 wyvern zombies
  Dowan (D:4)
  A water moccasin skeleton (D:4)
  A scorpion (D:6)
  11 wights
  9 killer bees
  3 howler monkeys
  3 bullfrog skeletons
  2 centaur zombies
  An iron imp (D:5)
  A centaur skeleton (D:7)
  A gnoll shaman (D:4)
  5 hounds
  2 jellies
  8 orc priests
  8 orc wizards
  5 iguanas
  10 worker ants
  A killer bee zombie (D:6)
  A worker ant zombie (D:3)
  12 gnolls
  A howler monkey skeleton (D:4)
  13 adders
  4 shadow imps
  A white imp (D:6)
  2 ufetubi
  An ooze (D:7)
  An adder skeleton (D:9)
  4 worms
  A dart slug (D:4)
  4 leopard geckos
  40 orcs
  3 ball pythons
  12 giant cockroaches
  4 goblins
  4 hobgoblins (D:1)
  7 jackals
  12 kobolds
  4 quokkas
  3 bats (D:1)
  4 frilled lizards
  7 rats (D:1)
269 creatures vanquished.

Vanquished Creatures (collateral kills)
  A hydra (Lair:1)
1 creature vanquished.

Vanquished Creatures (others)
  A worker ant (D:7)
  A kobold (D:10)
2 creatures vanquished.

Grand Total: 272 creatures vanquished

Notes
Turn   | Place    | Note
-------+----------+-------------------------------------------
     0 | D:1      | HoaS the Gargoyle Fighter began the quest for the Orb.
     0 | D:1      | Reached XP level 1. HP: 14/14 MP: 1/1
   117 | D:1      | Reached XP level 2. HP: 15/19 MP: 2/2
   507 | D:1      | Reached skill level 3 in Maces & Flails
   510 | D:1      | Reached XP level 3. HP: 23/23 MP: 3/3
   836 | D:2      | Found a shimmering altar of Xom.
  1208 | D:2      | Reached XP level 4. HP: 25/28 MP: 4/4
  1540 | D:3      | Reached skill level 4 in Maces & Flails
  1584 | D:3      | Reached XP level 5. HP: 16/32 MP: 5/5
  1966 | D:3      | You fall into a shaft and drop 2 floors!
  1966 | D:5      | Entered Level 5 of the Dungeon
  2086 | D:5      | Reached skill level 5 in Maces & Flails
  2086 | D:5      | Reached XP level 6. HP: 36/37 MP: 6/6
  2125 | D:5      | Found Itootecu's Book Shop.
  2314 | D:5      | Identified the +4 whip of Dithmenos's Scorn {distort, +Rage
                  | Dex+4 Stlth+}
  2330 | D:5      | Found a transporter.
  2343 | D:5      | Noticed nuthulu's ghost (novice GrFi)
  2367 | D:5      | Reached skill level 5 in Shields
  2450 | D:4      | Noticed Dowan
  2451 | D:4      | Noticed Duvessa
  2457 | D:4      | Killed Duvessa
  2463 | D:4      | Killed Dowan
  2464 | D:4      | Reached skill level 6 in Maces & Flails
  2464 | D:4      | Reached XP level 7. HP: 38/41 MP: 7/7
  3062 | D:4      | Reached skill level 7 in Maces & Flails
  3135 | D:4      | Found a staircase to the Ecumenical Temple.
  3146 | Temple   | Entered the Ecumenical Temple
  3244 | Temple   | Became a worshipper of Makhleb the Destroyer
  3364 | D:4      | Reached XP level 8. HP: 45/46 MP: 8/8
  3556 | D:4      | Found a sparkling altar of Nemelex Xobeh.
  3690 | D:5      | Got an iridescent whip
  3691 | D:5      | Identified the +8 whip "Wawuppeu" {drain, *Slow rElec Will+
                  | Int+4 Dex+2} (You found it on level 5 of the Dungeon)
  3812 | D:5      | Found a transporter.
  3816 | D:5      | Noticed an ancient zyme
  3886 | D:5      | Found a one-way gate to the infinite horrors of the Abyss.
  3965 | D:6      | Found Ciypoet's Antique Armour Shoppe.
  4016 | D:6      | Reached skill level 8 in Maces & Flails
  4088 | D:6      | Reached * piety under Makhleb
  4181 | D:6      | Reached skill level 9 in Maces & Flails
  4271 | D:6      | You fall into a shaft and drop 1 floor!
  4282 | D:7      | Reached XP level 9. HP: 34/51 MP: 9/9
  4321 | D:7      | Noticed a kobold demonologist
  4331 | D:7      | Killed a kobold demonologist
  4350 | D:7      | Reached skill level 10 in Maces & Flails
  4411 | D:7      | Reached ** piety under Makhleb
  4542 | D:7      | Noticed a two-headed ogre
  4552 | D:7      | Killed a two-headed ogre
  4553 | D:7      | Reached skill level 11 in Maces & Flails
  4575 | D:7      | Noticed a two-headed ogre
  4583 | D:7      | Killed a two-headed ogre
  4584 | D:7      | Reached XP level 10. HP: 53/56 MP: 10/10
  4642 | D:7      | Killed an unseen horror
  4643 | D:7      | Reached skill level 12 in Maces & Flails
  4664 | D:7      | Reached skill level 10 in Shields
  5173 | D:7      | Found a runed translucent door.
  5173 | D:7      | Noticed Megustar's ghost (novice VSBe)
  5403 | D:7      | Found a snail-covered altar of Cheibriados.
  5600 | D:8      | Found an iron altar of Okawaru.
  5679 | D:8      | Found an opulent altar of Gozag.
  5680 | D:8      | Found a blossoming altar of Fedhas.
  5695 | D:8      | Reached *** piety under Makhleb
  5853 | D:8      | Noticed a two-headed ogre
  5862 | D:8      | Killed a two-headed ogre
  5963 | D:8      | Noticed Joseph
  5985 | D:8      | Killed Joseph
  5986 | D:8      | Reached skill level 13 in Maces & Flails
  5986 | D:8      | Reached XP level 11. HP: 41/60 MP: 11/11
  6335 | D:5      | Killed nuthulu's ghost
  6516 | D:9      | Found a runed translucent door.
  6516 | D:9      | Found a shimmering altar of Xom.
  6516 | D:9      | Noticed a +2 quarterstaff of chaos
  6516 | D:9      | Noticed WasteTime5's ghost (novice OpTm)
  6575 | D:9      | Found the +10 tower shield of Ignorance {rN+ Int-4}
  6581 | D:9      | Found a runed translucent door.
  6586 | D:9      | Noticed an orange crystal statue
  6611 | D:9      | Found a runed translucent door.
  6637 | D:9      | Noticed an orange crystal statue
  6637 | D:9      | Noticed an orange crystal statue
  6637 | D:9      | Noticed an orange crystal statue
  6898 | D:9      | Found a staircase to the Lair.
  6922 | D:9      | Noticed a two-headed ogre
  6937 | D:9      | Killed a two-headed ogre
  7263 | D:10     | Entered Level 10 of the Dungeon
  7519 | D:10     | Reached skill level 14 in Maces & Flails
  7534 | D:10     | Reached **** piety under Makhleb
  7615 | D:10     | Found a staircase to the Orcish Mines.
  7831 | D:10     | Found a transporter.
  7846 | D:10     | Noticed a two-headed ogre
  7854 | D:10     | Identified the +4 mace "Hostreuc" {antimagic, rC- rN++}
  7854 | D:10     | Noticed a tengu warrior
  7854 | D:10     | Noticed a moth of wrath
  7857 | D:10     | Found a bloodstained altar of Trog.
  7857 | D:10     | Noticed Killmatronix's ghost (novice OpHu)
  7857 | D:10     | Noticed a two-headed ogre
  7871 | D:10     | Noticed a two-headed ogre
  8384 | Lair:1   | Entered Level 1 of the Lair of Beasts
  8392 | Lair:1   | Noticed a four-headed hydra
  8397 | Lair:1   | Killed a four-headed hydra
  8437 | Lair:1   | Noticed Erica
  8457 | Lair:1   | Splashed by Erica's acid

Illustrated notes

Levels and vault maps discovered:
D:1:      lordsloth_arrival_two_stooges, layout_basic
D:2:      layout_basic, old_standard_altar
D:3:      layout_basic
D:4:      layout_basic, nemelex_xobeh_ov_fountains_minmay,
          minmay_temple_entry_antechambers, uniq_duvessa
D:5:      layout_basic, serial_shops, shop_coins, gammafunk_ghost_abyssal_escape
D:6:      layout_cave_pools, kiku_gazebo_pond_becter, serial_shops, shop,
          hangedman_abyss_or_decor_stabs
D:7:      layout_basic, cheibrodos_worm_habitat, ebering_ghost_inner_flame,
          minmay_the_grid_2x2 [minmay_the_grid_large_cup,
          minmay_the_grid_small_cups, minmay_the_grid_doors,
          minmay_the_grid_prize_four_corners]
D:8:      layout_loops_ring, old_standard_altar, grunt_temple_overflow_open,
          uniq_joseph
D:9:      layout_roguey, lair_entry_dummy, ebering_ghost_xom,
          statue_in_the_mist_lemuel, chequers_guarded_unrand_ignorance
D:10:     layout_basic, david_orc_3, gammafunk_ghost_wrathful_warriors,
          st_stairs_8
Temple:   regret_index_temple_waves
Lair:1:   layout_chaotic_city, basic_altar, minmay_shattered_shrine, uniq_erica

Skill      XL: |  1  2  3  4  5  6  7  8  9 10 11 |
---------------+----------------------------------+-----
Maces & Flails | 3 4 5 6 7 9 11 13 14 | 14.6
Shields        | 4 5 6 7 9 10 11 | 11.9
Fighting       | |  3.2
Armour         | |  3.2

Action                   |  1- 3 |  4- 6 |  7- 9 | 10-12 || total
-------------------------+-------+-------+-------+-------++-------
Melee: Flail             |   102 |    42 |       |       ||   144
       Morningstar       |       |    59 |   325 |   626 ||  1010
  Use: Scroll            |     2 |     9 |     7 |    12 ||    30
       Potion            |       |     1 |     1 |     1 ||     3
 Stab: Sleeping          |       |     2 |     2 |       ||     4
Armor: Scale mail        |    55 |    32 |       |       ||    87
       Troll leather arm |       |    22 |    25 |       ||    47
       Chain mail        |       |       |   168 |       ||   168
       Plate armour      |       |       |    12 |   284 ||   296
Dodge: Dodged            |    38 |    30 |    67 |    60 ||   195
Block: Kite shield       |    60 |    50 |   199 |   405 ||   714
       Reflection        |       |       |       |    12 ||    12

Table legend: (Time is in decaauts)
 A = Elapsed time spent in this place.
 B = Non-inter-level travel time spent in this place.
 C = Inter-level travel time spent in this place.
 D = Time resting spent in this place.
 E = Time spent auto-exploring this place.
 F = Levels seen in this place.
 G = Mean time per level.
                   A        B        C        D        E       F      G
               +--------+--------+--------+--------+--------+-----+--------+
         Total |   8484 |   7713 |    771 |    565 |   4907 |  12 |  707.0 |
       Dungeon |   8284 |   7543 |    741 |    565 |   4770 |  10 |  828.4 |
        Temple |    130 |    100 |     30 |      0 |     94 |   1 |  130.0 |
          Lair |     68 |     68 |      0 |      0 |     43 |   1 |   68.0 |
               +--------+--------+--------+--------+--------+-----+--------+

Top non-repeatable levels by time:
     D:7: 1167 daAuts
     D:5: 1040 daAuts
    D:10: 977 daAuts
     D:3: 853 daAuts
     D:1: 848 daAuts
     D:9: 828 daAuts
     D:2: 688 daAuts
     D:4: 661 daAuts
     D:8: 637 daAuts
     D:6: 581 daAuts
  Temple: 130 daAuts
  Lair:1: 68 daAuts
